 Dungeon Crawl Stone Soup version 0.17-a0-802-g1f09329 (console) character file.

61 dunyain the Chopper (level 3, 0/27 HPs)
             Began as a Demonspawn Gladiator on Apr 26, 2015.
             Slain by an orc
             ... wielding a +0 dagger
              (3 damage)
             ... on level 3 of the Dungeon.
             The game lasted 00:02:33 (2650 turns).

dunyain the Chopper (Demonspawn Gladiator)          Turns: 2650, Time: 00:02:33

Health: 0/27       AC:  5    Str: 15    XL:     3   Next: 83%
Magic:  3/3        EV: 12    Int:  9    God:
Gold:   145        SH:  0    Dex: 14    Spells: 0 memorised, 2 levels left

rFire  + . .     SeeInvis .     a - +0 war axe
rCold  + . .     Clarity  .     b - +0 leather armour
rNeg   . . .     SustAb   .     (no shield)
rPois  .         Gourm    .     y - +2 hat
rElec  .         Spirit   .     (no cloak)
rCorr  .         Warding  .     (no gloves)
rMut   .         Stasis   .     (no boots)
MR     .....                    (no amulet)
Stlth  +.........               (no ring)
                                i - ring of protection from fire

@: not resistant to hostile enchantments, very unstealthy
A: cold resistance 1, freezing cloud immunity
a: no special abilities


You were on level 3 of the Dungeon.
You were not hungry.

You visited 1 branch of the dungeon, and saw 3 of its levels.

You collected 145 gold pieces.

Inventory:

Hand weapons
 a - a +0 war axe (weapon)
Missiles
 d - 3 throwing nets (quivered)
Armour
 b - a +0 leather armour (worn)
 c - a +0 helmet
 y - a +2 hat (worn)
Jewellery
 i - a ring of protection from fire (left hand)
Scrolls
 j - a scroll of recharging {unknown}
 k - 2 scrolls of fog {unknown}
 t - 2 scrolls of remove curse {unknown}
 u - a scroll of fear {unknown}
 v - a scroll of blinking {unknown}
 w - a scroll of enchant armour {unknown}
Potions
 l - a potion of brilliance {unknown}
 n - a potion of invisibility {unknown}
 o - a potion of lignification {unknown}
 p - a potion of restore abilities {unknown}
 q - a potion of magic {unknown}
 s - a potion of degeneration {unknown}
Comestibles
 e - 2 bread rations
 f - a beef jerky
 g - a royal jelly
 x - 3 fruits
 z - a slice of pizza
 A - a chunk of flesh


   Skills:
 - Level 2.0 Fighting
 + Level 4.3 Axes
 - Level 1.7 Throwing
 - Level 2.6 Dodging


You had 2 spell levels left.
You didn't know any spells.

Dungeon Overview and Level Annotations

Branches:
Dungeon (3/15)

Altars:
Kikubaaqudgha


Innate Abilities, Weirdness & Mutations

Your flesh is cold resistant.
You are immune to freezing clouds.


Message History

Unknown command.
The orc shouts!
You hit the orc but do no damage.
The orc is moderately wounded.
You closely miss the orc. The orc closely misses you.
The orc hits you but does no damage.
Unknown command.
You barely miss the orc wizard. You closely miss the orc.
The orc hits you with a dagger. The orc closely misses you.
The orc wizard hits you but does no damage.
Unknown command.
You hit the orc wizard.
The orc wizard is lightly wounded.
You hit the orc.
The orc is heavily wounded.
The orc hits you but does no damage.
The orc hits you from afar with a trident of protection!
* * * LOW HITPOINT WARNING * * *
The orc wizard misses you. The orc hits you with a dagger.
You die...

..# .....## #
......#....
.....#.....
..##....#......
#.......#....
#.......#..
.....o.o..#
#.oo@.#
#....†###########
#......†........#
#.....).........#
####............#
#..."........#
#......÷.....#
#............#
#............#


You could see an orc wizard and 3 orcs.

Vanquished Creatures
  An ooze (D:2)
  An orc (D:3)
  7 bats
  3 giant cockroaches
  5 goblins
  5 hobgoblins
  7 jackals
  9 kobolds
  A quokka (D:2)
  A giant gecko (D:3)
  6 giant newts
  7 rats
53 creatures vanquished.

Notes
Turn   | Place    | Note
--------------------------------------------------------------
     0 | D:1      | dunyain, the Demonspawn Gladiator, began the quest for the Orb.
     0 | D:1      | Reached XP level 1. HP: 16/16 MP: 1/1
   182 | D:1      | Reached skill level 3 in Axes
   272 | D:1      | Gained mutation: Your flesh is cold resistant. [demonic ancestry]
   272 | D:1      | Reached XP level 2. HP: 17/22 MP: 2/2
  1598 | D:1      | Gained mutation: You are immune to freezing clouds. [demonic ancestry]
  1598 | D:1      | Reached XP level 3. HP: 25/27 MP: 3/3
  2017 | D:2      | Reached skill level 4 in Axes
  2429 | D:2      | Found an ancient bone altar of Kikubaaqudgha.
  2650 | D:3      | Slain by an orc

Action                   || total
-------------------------++-------
Melee: War axe           ||   184
  Eat: Chunk             ||     6
